 Dungeon Crawl Stone Soup version 0.30-a0-913-g9934a0ce24 (webtiles) character file.

Game seed: 6502865647593377280

1526 billz999 the Skirmisher (level 8, 0/64 HPs)
             Began as a Gnoll Hunter on Mar 20, 2023.
             Was an Initiate of Gozag.
             Slain by a wolf (3 damage)
             ... led by Grum
             ... on level 9 of the Dungeon.
             The game lasted 00:14:04 (4394 turns).

billz999 the Skirmisher (Gnoll Hunter)              Turns: 4394, Time: 00:14:05

Health: 0/64       AC:  5    Str: 10    XL:     8   Next: 85%
Magic:  13/13      EV: 14    Int: 20    God:    Gozag
Gold:   405        SH:  0    Dex: 16    Spells: 9/14 levels left

rFire   . . .      SeeInvis .    a - +4 arbalest (elec)
rCold   . . .      Faith    .    (shield currently unavailable)
rNeg    . . .      Spirit   .    c - +1 leather armour
rPois   .          Reflect  .    f - +0 helmet {Int+3}
rElec   .          Rampage  .    (no cloak)
rCorr   .                        (no gloves)
Will    .....                    (no boots)
Stlth   +++                      (no amulet)
HPRegen 0.30/turn                w - +6 ring of intelligence
MPRegen 0.13/turn                (no ring)

@: wereblooded, attractive, very slightly contaminated
A: fangs 1, strong nose, distributed training
a: Renounce Religion, Potion Petition, Call Merchant, Bribe Branch


You were on level 9 of the Dungeon.
You worshipped Gozag.
Gozag was aware of your devotion.
You visited 2 branches of the dungeon, and saw 8 of its levels.

You collected 484 gold pieces.
You paid 79 gold pieces to Gozag.

Inventory:

Hand Weapons
 a - a +4 arbalest of electrocution (weapon)
 b - the +6 whip of Ymepexal {flame, rC- rCorr Int+8 SInv}
   (You found it on level 2 of the Dungeon)

   Int:       It affects your intelligence (+8).
   rC:        It makes you vulnerable to cold.
   SInv:      It lets you see invisible.
   rCorr:     It protects you from acid and corrosion.
 k - a +0 shortbow
Missiles
 m - 12 poisoned darts
Armour
 c - a +1 leather armour (worn)
 f - a +0 helmet of intelligence (worn)
 y - a +0 pair of boots
Jewellery
 w - a +6 ring of intelligence (left hand)
Wands
 d - a wand of flame (22)
 t - a wand of charming (6)
Scrolls
 i - 2 scrolls of immolation
 l - 2 scrolls of amnesia
 n - 2 scrolls of magic mapping
 r - a scroll of brand weapon
 s - a scroll of blinking
Potions
 e - 4 potions of degeneration
 g - 5 potions of might
 o - a potion of berserk rage {unknown}
 p - a potion of invisibility {unknown}
 q - 2 potions of lignification {unknown}
 u - 3 potions of curing {unknown}
 v - 2 potions of flight {unknown}
 x - 2 potions of mutation {unknown}


   Skills:
 + Level 6.0 Fighting
 + Level 3.7 Short Blades
 + Level 3.7 Long Blades
 + Level 3.7 Axes
 + Level 3.7 Maces & Flails
 + Level 3.7 Polearms
 + Level 3.7 Staves
 + Level 9.4 Ranged Weapons
 + Level 3.7 Throwing
 + Level 3.7 Armour
 + Level 6.0 Dodging
 + Level 4.5 Stealth
 + Level 3.7 Shields
 + Level 3.7 Unarmed Combat
 + Level 3.7 Spellcasting
 + Level 3.1 Conjurations
 + Level 3.1 Hexes
 + Level 3.1 Summonings
 + Level 3.1 Necromancy
 + Level 3.1 Translocations
 + Level 3.1 Transmutations
 + Level 3.1 Fire Magic
 + Level 3.1 Ice Magic
 + Level 3.1 Air Magic
 + Level 3.1 Earth Magic
 + Level 3.1 Poison Magic
 + Level 4.1 Invocations
 + Level 3.7 Evocations


You had 9 spell levels left.
You knew the following spells:

 Your Spells              Type           Power      Damage    Failure   Level
a - Mephitic Cloud        Conj/Pois/Air  16%        N/A       14%         3
b - Wereblood             Tmut           16%        N/A       8%          2

Your spell library contained the following spells:

 Spells                   Type           Power      Damage    Failure   Level
 Beastly Appendage        Tmut           32%        N/A       4%          1
 Magic Dart               Conj           64%        1d6       4%          1
 Call Imp                 Summ           16%        N/A       8%          2
 Spider Form              Tmut/Pois      16%        N/A       14%         3


Dungeon Overview and Level Annotations

Branches:
Dungeon (6/15)             Temple (1/1) D:5

Altars:
Ashenzari
Dithmenos
Gozag
Hepliaklqana
Makhleb
Okawaru
Qazlal
Trog
Wu Jian
Zin
The Shining One

Shops:
D:1 *   D:2 [

Annotations:
D:9 Grum


Innate Abilities, Weirdness & Mutations

You have very sharp teeth.
Your uncanny sense of smell can sniff out nearby items.
Your experience applies equally to all skills.


Message History

Press: ? - help, Shift-Dir - straight line, f - Grum, p - wolf
Aim: Grum, wielding a +0 spear and wearing a +0 animal skin (moderately wounded, chance to affect: 81%)
You miscast Mephitic Cloud.
You are very lightly contaminated with residual magic.
Nothing appears to happen.
The wolf howls!
Grum hits you from afar with a +0 spear!
* * * LOW HITPOINT WARNING * * *
Unknown command.
Casting: Mephitic Cloud (dangerous; 14% risk of failure)
Confirm with . or Enter, or press ? or * to list all spells.
Aiming: Mephitic Cloud (dangerous; 14% risk of failure)
Press: ? - help, Shift-Dir - straight line, f/p - Grum
Aim: Grum, wielding a +0 spear and wearing a +0 animal skin (moderately wounded, chance to affect: 81%)
The ball explodes into a vile cloud!
The stinking cloud engulfs Grum but does no damage.
Grum is moderately wounded.
The stinking cloud engulfs the wolf but does no damage.
The wolf is moderately wounded.
The wolf is no longer distracted by gold.
You howl as the wereblood boils in your veins!
The wolf completely misses you. The wolf closely misses you.
Grum is engulfed in noxious fumes.
Grum appears confused.
Grum gestures wildly.
You shoot a bolt.
The bolt hits the wolf but does no damage.
The wolf is moderately wounded.
The wolf bites you!
* * * LOW HITPOINT WARNING * * *
The wolf bites you!
* * * LOW HITPOINT WARNING * * *
Grum is engulfed in noxious fumes.
Grum appears confused.
The wolf misses you.
It was a potion of attraction.
You feel attractive to monsters.
The wolf is engulfed in noxious fumes.
The wolf appears confused.
Grum is engulfed in noxious fumes.
Grum appears confused.
The wolf misses you. Grum is attracted toward you.
The wolf is attracted toward you.
It was a potion of magic.
Magic courses through your body. The wolf bites you.
You die...
Your body crumbles into a pile of gold.

#.# #># ∆ #.######
....... #####.##.#
#.@gh....# #.#.#
#.#h#○#..# #.#.#
#.....)..# #.#.#
#.#.#.#.## #.#.#
#.....#.# #.#)#
#$#.###.# #.#.#
#.#.# #)# ##.#.###
..#.###.####)......
o....$.$.......#.###


You could see Grum (confused) and 2 wolves.

Vanquished Creatures
  An orc warrior (D:9)
  A water moccasin (D:6)
  A centaur (D:5)
  A wolf (D:9)
  An ogre (D:5)
  A phantom (D:3)
  2 scorpions
  3 jellies
  3 killer bees (D:9)
  2 howler monkeys
  A hound (D:6)
  A gnoll bouda (D:4)
  Natasha (thrice) (D:3)
  3 iguanas
  4 orc wizards
  Robin (D:4)
  4 gnolls (D:4)
  7 adders
  2 white imps
  An ufetubus (D:3)
  2 dart slugs
  21 orcs
  6 ball pythons
  7 endoplasms
  4 giant cockroaches
  12 goblins
  9 hobgoblins
  12 jackals
  3 quokkas
  5 bats
  5 frilled lizards
  14 kobolds
  5 rats
148 creatures vanquished.

Vanquished Creatures (collateral kills)
  An ufetubus (D:4)
  A goblin (D:4)
2 creatures vanquished.

Vanquished Creatures (others)
  A goblin (D:4)
1 creature vanquished.

Grand Total: 151 creatures vanquished

Notes
Turn   | Place    | Note
-------+----------+-------------------------------------------
     0 | D:1      | billz999 the Gnoll Hunter began the quest for the Orb.
     0 | D:1      | Reached XP level 1. HP: 20/20 MP: 1/1
   221 | D:1      | Reached XP level 2. HP: 26/26 MP: 2/2
   367 | D:1      | Found Kut Ham's General Store.
   690 | D:2      | Found a faded altar of an unknown god.
   717 | D:2      | Reached XP level 3. HP: 31/31 MP: 3/3
   737 | D:2      | Learned a level 3 spell: Mephitic Cloud
   763 | D:2      | Identified the +6 whip "Irogiuwk" {distort, rC- Dex+3 SInv}
   764 | D:2      | Found Leilausa's Armour Boutique.
   832 | D:2      | Reached skill level 1 in Invocations
   944 | D:2      | Reached skill level 1 in Short Blades
   944 | D:2      | Reached skill level 1 in Long Blades
   944 | D:2      | Reached skill level 1 in Axes
   944 | D:2      | Reached skill level 1 in Maces & Flails
   944 | D:2      | Reached skill level 1 in Polearms
   944 | D:2      | Reached skill level 1 in Staves
   944 | D:2      | Reached skill level 1 in Throwing
   944 | D:2      | Reached skill level 1 in Armour
   944 | D:2      | Reached skill level 1 in Shields
   944 | D:2      | Reached skill level 1 in Unarmed Combat
   944 | D:2      | Reached skill level 1 in Spellcasting
   944 | D:2      | Reached skill level 1 in Evocations
  1046 | D:2      | Reached XP level 4. HP: 38/38 MP: 5/5
  1281 | D:2      | Identified the +6 whip of Ymepexal {flame, rC- rCorr Int+8
                  | SInv}
  1469 | D:3      | Noticed a phantom
  1480 | D:3      | Killed a phantom
  1481 | D:3      | Reached skill level 1 in Conjurations
  1481 | D:3      | Reached skill level 1 in Hexes
  1481 | D:3      | Reached skill level 1 in Summonings
  1481 | D:3      | Reached skill level 1 in Necromancy
  1481 | D:3      | Reached skill level 1 in Translocations
  1481 | D:3      | Reached skill level 1 in Transmutations
  1481 | D:3      | Reached skill level 1 in Fire Magic
  1481 | D:3      | Reached skill level 1 in Ice Magic
  1481 | D:3      | Reached skill level 1 in Air Magic
  1481 | D:3      | Reached skill level 1 in Earth Magic
  1481 | D:3      | Reached skill level 1 in Poison Magic
  1481 | D:3      | Reached XP level 5. HP: 24/43 MP: 5/7
  1680 | D:3      | Learned a level 2 spell: Wereblood
  1796 | D:3      | Noticed Natasha
  1798 | D:3      | Killed Natasha
  1805 | D:3      | Noticed Natasha
  1810 | D:3      | Killed Natasha
  1883 | D:3      | Noticed Natasha
  1890 | D:3      | Killed Natasha
  1891 | D:3      | Reached XP level 6. HP: 45/50 MP: 8/8
  2207 | D:4      | Reached skill level 5 in Fighting
  2207 | D:4      | Reached skill level 5 in Dodging
  2581 | D:4      | Reached XP level 7. HP: 56/56 MP: 10/10
  2606 | D:4      | Noticed Robin
  2699 | D:4      | Killed Robin
  3276 | D:5      | Entered Level 5 of the Dungeon
  3409 | D:5      | Reached skill level 9 in Ranged Weapons
  3511 | D:5      | Found a staircase to the Ecumenical Temple.
  3516 | Temple   | Entered the Ecumenical Temple
  3535 | Temple   | Became a worshipper of Gozag Ym Sagoz the Greedy
  3591 | D:5      | Reached XP level 8. HP: 46/63 MP: 3/12
  4320 | D:6      | You fall into a shaft and drop 3 floors!
  4378 | D:9      | Noticed Grum
  4392 | D:9      | HP: 2/64 [wolf[Grum] (7)]
  4394 | D:9      | Slain by a wolf

Illustrated notes

Levels and vault maps discovered:
D:1:      dpeg_arrival_castle, layout_loops_ring, serial_shops, shop
D:2:      layout_loops_ring, shapermc_ecumenical_altar_gd, serial_shops, shop,
          minmay_goblin_kobold_house
D:3:      minmay_diamond_boxcup, layout_rooms, uniq_natasha
D:4:      layout_basic, uniq_robin
D:5:      layout_rooms, minmay_temple_entry_glassed_door, serial_curves,
          eino_curves_01, eino_curves_04, serial_park_tiny_2, dk_noncrumbling_2,
          kennysheep_generic_room_6
D:6:      minmay_razor_zed, layout_layer_cave, serial_glass, glass_columns_a,
          glass_columns_c
D:9:      layout_loops_ring, uniq_erica, uniq_grum, uniq_erolcha
Temple:   nicolae_temple_the_god_donut

Skill      XL: |  1  2  3  4  5  6  7  8 |
---------------+-------------------------+-----
Invocations    | 1 2 3 4 |  4.1
Short Blades   | 1 2 3 |  3.7
Long Blades    | 1 2 3 |  3.7
Axes           | 1 2 3 |  3.7
Maces & Flails | 1 2 3 |  3.7
Polearms       | 1 2 3 |  3.7
Staves         | 1 2 3 |  3.7
Throwing       | 1 2 3 |  3.7
Armour         | 1 2 3 |  3.7
Shields        | 1 2 3 |  3.7
Unarmed Combat | 1 2 3 |  3.7
Spellcasting   | 1 2 3 |  3.7
Evocations     | 1 2 3 |  3.7
Conjurations   | 1 2 3 |  3.1
Hexes          | 1 2 3 |  3.1
Summonings     | 1 2 3 |  3.1
Necromancy     | 1 2 3 |  3.1
Translocations | 1 2 3 |  3.1
Transmutations | 1 2 3 |  3.1
Fire Magic     | 1 2 3 |  3.1
Ice Magic      | 1 2 3 |  3.1
Air Magic      | 1 2 3 |  3.1
Earth Magic    | 1 2 3 |  3.1
Poison Magic   | 1 2 3 |  3.1
Stealth        | 3 4 |  4.5
Fighting       | 5 6 |  6.0
Dodging        | 5 6 |  6.0
Ranged Weapons | 9 |  9.4

Action                     |  1- 3 |  4- 6 |  7- 9 || total
---------------------------+-------+-------+-------++-------
  Melee: Whip              |       |    18 |     8 ||    26
         Bite              |       |     3 |       ||     3
         Punch             |       |     1 |       ||     1
         Arbalest          |       |       |     1 ||     1
   Fire: Shortbow          |    61 |       |       ||    61
         Arbalest          |    26 |    83 |   137 ||   246
   Cast: Wereblood         |       |     3 |     3 ||     6
         Mephitic Cloud    |       |       |    10 ||    10
  Evoke: Wand              |       |       |     2 ||     2
    Use: Scroll            |     1 |     9 |     5 ||    15
         Potion            |       |       |     3 ||     3
 Armour: Leather armour    |     5 |    19 |    19 ||    43
  Dodge: Dodged            |    20 |    77 |   102 ||   199

Table legend: (Time is in decaauts)
 A = Elapsed time spent in this place.
 B = Non-inter-level travel time spent in this place.
 C = Inter-level travel time spent in this place.
 D = Time resting spent in this place.
 E = Time spent auto-exploring this place.
 F = Levels seen in this place.
 G = Mean time per level.
                   A        B        C        D        E       F      G
               +--------+--------+--------+--------+--------+-----+--------+
         Total |   4525 |   4299 |    226 |    547 |   2892 |   8 |  565.6 |
       Dungeon |   4488 |   4279 |    209 |    547 |   2883 |   7 |  641.1 |
        Temple |     36 |     19 |     17 |      0 |      9 |   1 |   36.0 |
               +--------+--------+--------+--------+--------+-----+--------+

Top non-repeatable levels by time:
     D:4: 1057 daAuts
     D:3: 921 daAuts
     D:2: 801 daAuts
     D:1: 674 daAuts
     D:5: 609 daAuts
     D:6: 340 daAuts
     D:9: 84 daAuts
  Temple: 36 daAuts
